 Dungeon Crawl Stone Soup version 0.26.1-11-gd32895ea62 (webtiles) character file.

Game seed: 6120321025801512388

157411 Zeld the Spry (level 17, -3/249 HPs)
             Began as a Minotaur Berserker on May 23, 2021.
             Was an Elder of Trog.
             Slain by a goliath frog (7 damage)
             ... called by a spriggan druid
             ... on level 3 of the Swamp on May 24, 2021.
             The game lasted 00:53:17 (46515 turns).

Zeld the Spry (Minotaur Berserker)                 Turns: 46515, Time: 00:53:18

Health: -3/249     AC:  4    Str: 29    XL:     17   Next: 12%
Magic:  16/16      EV: 10    Int:  4    God:    Trog [****..]
Gold:   2472       SH: 18    Dex: 10    Spells: 16/16 levels left

rFire    . . .     SeeInvis +   a - +6 hand axe
rCold    . . .     Faith    .   y - +5 tower shield {AC+3}
rNeg     . . .     Spirit   .   k - +0 plate armour
rPois    +         Reflect  .   (helmet restricted)
rElec    .         Harm     .   s - +2 cloak
rCorr    .         Rampage  .   (no gloves)
Will     +....                  c - +2 pair of boots
Stlth    ..........             b - amulet of regeneration
HPRegen  0.91/turn              H - ring of see invisible
MPRegen  0.15/turn              p - ring of poison resistance

@: berserking (expiring), lethally poisoned (-3 -> -3), corroded, slow
A: retaliatory headbutt, horns 2
a: Renounce Religion, Berserk, Trog's Hand, Brothers in Arms


You were on level 3 of the Swamp.
You worshipped Trog.
Trog was greatly pleased with you.
You visited 5 branches of the dungeon, and saw 26 of its levels.
You visited the Abyss 1 time.
You also visited: Bailey and Ice Cave.

You collected 2719 gold pieces.
You spent 247 gold pieces at shops.

Inventory:

Hand Weapons
 a - a +6 hand axe (weapon)
 f - a +0 hand axe of venom
Armour
 c - a +2 pair of boots (worn)
 k - a +0 plate armour (worn)
 s - a +2 cloak (worn)
 y - a +5 tower shield of protection (worn)
Jewellery
 b - an amulet of regeneration (around neck)
 p - a ring of poison resistance (right hand)
 B - an uncursed ring of protection from cold
 H - a ring of see invisible (left hand)
 K - an uncursed ring of resist corrosion
 M - an uncursed amulet of the acrobat {unknown}
Wands
 d - a wand of disintegration (17)
 h - a wand of paralysis (24)
 m - a wand of iceblast (25)
 n - a wand of enslavement (7)
 w - a wand of random effects (34)
 x - a wand of polymorph (7)
 A - a wand of digging (14)
 F - a wand of acid (19)
 L - a wand of flame (11)
Scrolls
 e - 9 scrolls of teleportation
 g - 2 scrolls of magic mapping
 l - 8 scrolls of remove curse
 o - a scroll of identify
 v - 2 scrolls of summoning
 D - a scroll of silence
Potions
 j - 12 potions of curing
 q - 6 potions of might
 r - 3 potions of resistance
 t - 3 potions of magic
 u - 3 potions of cancellation
 z - a potion of invisibility
 C - 3 potions of flight
 I - 3 potions of haste
Miscellaneous
 i - a tin of tremorstones (2/2)
 E - a lightning rod (4/4)
 G - a phantom mirror (inert)
 N - a lightning rod (4/4)


   Skills:
 * Level 18.5 Fighting
 - Level 14.0 Axes
 - Level 2.4 Armour
 * Level 19.2 Dodging
 * Level 14.6 Evocations


You had 16 spell levels left.
You didn't know any spells.
Your spell library was empty.

Dungeon Overview and Level Annotations

Branches:
Dungeon (15/15)            Temple (1/1) D:6            Lair (6/6) D:8
  Swamp (3/4) Lair:4       Spider (0/4) Lair:2        Slime (1/5) Lair:6
    Orc (0/2) D:11         Vaults (0/5) D:13         Depths (0/5) D:15
 Bailey (visited)           IceCv (visited)

Altars:
Ashenzari
Cheibriados
Dithmenos
Elyvilon
Fedhas
Gozag
Hepliaklqana
Kikubaaqudgha
Makhleb
Nemelex Xobeh
Okawaru
Qazlal
Ru
Sif Muna
Trog
Uskayaw
Vehumet
Wu Jian
Xom
Yredelemnul
Zin
The Shining One
Beogh

Shops:
D:10 *

Annotations:
Swamp:3 2 transporters, exclusion: obsidian statue


Innate Abilities, Weirdness & Mutations

You reflexively headbutt those who attack you in melee.
You have a pair of horns on your head.


Message History

You block the goliath frog's attack.
Your unstable footing causes you to fumble your attack.
Your unstable footing causes you to fumble your attack.
The goliath frog hits you!!
* * * LOW HITPOINT WARNING * * *
You are splashed with acid.
* * * LOW HITPOINT WARNING * * *
Your unstable footing causes you to fumble your attack.
You slash the goliath frog!
The goliath frog is severely wounded.
You feel sick. You block the goliath frog's attack.
Your unstable footing causes you to fumble your attack.
You miss the goliath frog.
The goliath frog is severely wounded.
You block the goliath frog's attack.
You hit the goliath frog but do no damage.
You headbutt the goliath frog!
The goliath frog is almost dead.
The goliath frog hits you!
You die...

≈≈ ..≈≈≈§.....≈ ♣..... ≈≈≈
...≈......≈ ♣♣○.#.[ ≈§≈.
♣♣≈.....≈≈.. ♣♣.≈.☼○# ≈.♣
♣...§≈.≈≈≈≈. ♣.≈≈...# ♣
.≈♣♣♣.?†≈≈≈≈≈≈.♣♣♣.≈≈≈..† ♣♣♣
♣≈♣♣♣.≈≈≈≈≈....≈≈.≈≈§).. ≈.♣♣
♣≈≈§≈.≈≈≈≈≈.≈≈≈≈≈≈≈≈≈≈..
...♣♣♣♣♣♣♣.≈≈≈.≈≈≈≈≈≈≈≈≈≈§≈.≈≈..≈
≈.♣♣...........≈@≈§≈≈≈≈≈≈≈......♣
..≈..#########..≈F..≈≈≈≈.≈♣♣♣≈.♣♣
≈.≈.##.....iv##...≈.§≈≈≈.♣ ♣♣♣♣♣
≈.≈.#8..#.#vi8#........≈ ♣♣
..≈.#..#...#iv#.≈....... ♣♣.
≈♣..#.......")#.....≈♣♣♣ ♣≈.
.≈.©#..©.8..$©#©....≈≈.♣ ♣♣≈
≈...#.......[)#..≈≈.≈§≈♣♣ ♣♣♣♣
....#..#...#$(#..≈≈≈....♣ ♣♣.≈≈


You could see an obsidian statue, a spriggan rider, 2 spriggan druids, a goliath
frog and 3 will-o-the-wisps.

Vanquished Creatures
  An acid blob (Lair:6)
  Kirke (D:12)
  A frost giant (IceCv)
  An orc warlord (Bailey)
  4 bunyips
  Snorg (Lair:5)
  3 fire dragons
  The ghost of Zeld the Cruncher, a journeyman OpGl of Wu Jian (D:13)
  4 vault guards (D:13)
  3 boulder beetles
  4 centaur warriors
  A hydra (Swamp:3)
  2 catoblepae
  A ghost crab (Swamp:1)
  8 alligators
  A tengu warrior (D:14)
  3 two-headed ogres
  5 death yaks
  A spark wasp zombie (D:15)
  A skeletal warrior (D:15)
  3 unseen horrors
  A goliath frog (Swamp:3)
  A flayed ghost (D:15)
  A lindwurm (Lair:6)
  3 spriggan druids (Swamp:2)
  2 wizards
  A bog body (Swamp:2)
  3 swamp dragons (Swamp:3)
  A necromancer (D:15)
  2 orc knights (Bailey)
  A deep elf mage (D:12)
  5 oklob plants
  2 orc sorcerers
  3 ugly things
  4 cyclopes
  2 will-o-the-wisps (Swamp:2)
  2 manticores (D:15)
  A salamander (shapeshifter) (D:12)
  6 black mambas
  A fire giant zombie (D:15)
  18 elephants
  An ice statue (IceCv)
  3 molten gargoyles (Lair:6)
  4 gargoyles
  6 cane toads
  A freezing wraith (D:15)
  2 kobold demonologists
  7 komodo dragons
  17 rime drakes
  A guardian mummy (D:15)
  An efreet (D:15)
  2 ice devils (Lair:4)
  A jumping spider (Lair:2)
  3 meliai (D:14)
  3 trolls
  4 hornets
  7 blink frogs
  17 polar bears
  4 slime creatures (Lair:6)
  6 tyrant leeches
  A spriggan zombie (D:15)
  A raiju (shapeshifter) (D:14)
  5 water elementals
  2 shadows
  7 spriggans (Swamp:2)
  3 wraiths
  61 yaks
  An ice dragon skeleton (D:15)
  10 wyverns
  6 basilisks
  3 humans (D:12)
  A hog (D:12)
  3 vampire mosquitoes (Swamp:1)
  8 steam dragons
  5 swamp worms
  15 water moccasins
  2 soldier ants (D:12)
  An acid dragon (D:12)
  4 hell hounds (Lair:6)
  23 orc warriors
  A hornet zombie (D:14)
  3 ice beasts
  4 sky beasts
  An eye of draining (D:8)
  2 necrophages
  9 ogres
  3 phantoms
  A black bear (D:9)
  43 wolves
  9 centaurs
  5 big kobolds
  A wyvern zombie (D:6)
  18 bullfrogs
  A gnoll sergeant (D:6)
  3 scorpions
  2 water moccasin skeletons
  5 killer bees (D:9)
  6 howler monkeys (D:9)
  9 electric eels
  5 lava snakes (Lair:6)
  6 centaur zombies
  13 orc priests
  11 hounds
  8 jellies
  6 centaur skeletons
  A bullfrog skeleton (D:10)
  Jessica (D:2)
  6 hell rats (Lair:5)
  2 iguanas
  Natasha (twice) (D:3)
  29 orc wizards
  8 worker ants
  Terence (D:3)
  A hound zombie (D:11)
  A worker ant zombie (D:5)
  16 gnolls
  A howler monkey zombie (D:6)
  15 adders
  5 shadow imps
  A white imp (D:6)
  2 ufetubi
  3 oozes
  2 adder skeletons
  3 adder zombies
  4 worms
  3 dart slugs
  5 leopard geckos
  95 orcs
  4 ball pythons
  5 giant cockroaches
  15 hobgoblins
  28 jackals
  14 quokkas
  12 bats
  8 frilled lizards
  27 goblins
  25 kobolds
  7 rats
  A butterfly (Lair:4)
890 creatures vanquished.

Vanquished Creatures (collateral kills)
  A boulder beetle (D:13)
  13 hydras
  A vault guard (D:13)
  A death knight (D:15)
  A centaur warrior (D:14)
  A two-headed ogre (D:8)
  2 death yaks (Lair:4)
  Urug (Lair:4)
  Nergalle (D:12)
  2 orc knights (D:15)
  An orc sorcerer (D:15)
  2 ugly things
  4 elephants (Lair:6)
  Maggie (D:8)
  A komodo dragon (Lair:6)
  A yaktaur (D:13)
  A tengu conjurer (D:13)
  A polar bear (Lair:2)
  A troll (D:8)
  2 basilisks
  A water moccasin (Lair:4)
  An orc warrior (D:15)
  2 wolves (D:8)
  An ogre (D:15)
  2 bullfrogs
  A water moccasin skeleton (D:8)
  A hound (D:8)
  An orc priest (D:8)
  A gnoll (Bailey)
  A white imp (D:8)
  3 orcs
  A hobgoblin (Bailey)
55 creatures vanquished.

Vanquished Creatures (others)
  An alligator (Swamp:1)
  A goliath frog (Swamp:3)
  An elephant (Lair:6)
  4 bloated husks
  A water elemental (D:15)
  2 humans (D:12)
  A yak (IceCv)
  A steam dragon (Lair:3)
  3 swamp worms
  An acid dragon (Lair:3)
  2 orc warriors
  A swamp drake (Swamp:1)
  A wolf (IceCv)
  2 electric eels (D:8)
  A gnoll (Bailey)
  8 foxfires (Swamp:2)
  39 fungi
  118 plants
  10 withered plants (D:15)
198 creatures vanquished.

Grand Total: 1143 creatures vanquished

Notes
Turn   | Place    | Note
-------+----------+-------------------------------------------
     0 | D:1      | Zeld the Minotaur Berserker began the quest for the Orb.
     0 | D:1      | Reached XP level 1. HP: 19/19 MP: 0/0
   195 | D:1      | Reached XP level 2. HP: 21/26 MP: 1/1
   511 | D:1      | Reached skill level 5 in Axes
   664 | D:1      | Reached XP level 3. HP: 28/31 MP: 2/2
  1367 | D:2      | Reached ** piety under Trog
  1475 | D:2      | Noticed Jessica
  1480 | D:2      | Killed Jessica
  1481 | D:2      | Reached XP level 4. HP: 39/39 MP: 3/3
  1514 | D:2      | Found a glowing golden altar of the Shining One.
  1514 | D:2      | Found a stormy altar of Qazlal.
  1515 | D:2      | Found a radiant altar of Vehumet.
  2420 | D:3      | Reached XP level 5. HP: 43/45 MP: 4/4
  2543 | D:3      | Noticed Terence
  2547 | D:3      | Killed Terence
  2616 | D:3      | Noticed Natasha
  2624 | D:3      | Killed Natasha
  2647 | D:3      | Noticed Natasha
  2658 | D:3      | Killed Natasha
  2974 | D:3      | Reached *** piety under Trog
  3092 | D:3      | Reached XP level 6. HP: 51/51 MP: 5/5
  3858 | D:4      | Reached **** piety under Trog
  4133 | D:4      | Noticed an angel
  4135 | D:4      | Found a shimmering altar of Xom.
  4137 | D:4      | Found a glowing silver altar of Zin.
  4207 | D:4      | Reached XP level 7. HP: 48/57 MP: 6/6
  4793 | D:5      | Entered Level 5 of the Dungeon
  4970 | D:5      | Reached skill level 10 in Axes
  5514 | D:5      | Found a blossoming altar of Fedhas.
  5737 | D:5      | Found a hide-covered altar of Uskayaw.
  5889 | D:5      | Reached XP level 8. HP: 64/64 MP: 7/7
  6918 | D:6      | Found a shimmering blue altar of Sif Muna.
  7231 | D:6      | Found a staircase to the Ecumenical Temple.
  7261 | Temple   | Entered the Ecumenical Temple
  7779 | D:7      | Found an ornate altar of the Wu Jian Council.
  7790 | D:7      | Reached ***** piety under Trog
  7825 | D:6      | Reached XP level 9. HP: 63/70 MP: 8/8
  8237 | D:7      | Reached skill level 1 in Evocations
  8393 | D:7      | Reached skill level 3 in Dodging
  8496 | D:7      | Found a bloodstained altar of Trog.
  8830 | D:8      | Noticed a troll
  8831 | D:8      | Received a gift from Trog
  8833 | D:8      | Reached skill level 5 in Fighting
  8840 | D:8      | Reached skill level 4 in Dodging
  8842 | D:8      | Killed a troll
  8843 | D:8      | Noticed a two-headed ogre
  8845 | D:8      | Noticed Maggie
  8849 | D:8      | Killed a two-headed ogre
  8853 | D:8      | Killed Maggie
  8854 | D:8      | Reached skill level 5 in Dodging
  9861 | D:8      | Reached XP level 10. HP: 61/84 MP: 9/9
 10456 | D:8      | Found a staircase to the Lair.
 10926 | D:9      | Reached skill level 6 in Dodging
 11362 | D:9      | Reached skill level 5 in Evocations
 12387 | D:9      | Found a snail-covered altar of Cheibriados.
 13005 | D:10     | Entered Level 10 of the Dungeon
 13042 | D:10     | Reached skill level 7 in Dodging
 13096 | D:10     | Found Fahycott's Mass Market.
 13115 | D:10     | Bought a +1 tower shield of protection for 247 gold pieces
 14219 | D:11     | Reached skill level 8 in Dodging
 14236 | D:11     | Found a shimmering altar of Xom.
 14246 | D:11     | Noticed a red ugly thing
 14251 | D:11     | Killed a red ugly thing
 14252 | D:11     | Reached XP level 11. HP: 97/97 MP: 10/10
 14279 | D:11     | Found an ornate altar of the Wu Jian Council.
 14279 | D:11     | Found a stormy altar of Qazlal.
 14286 | D:11     | Found a basalt altar of Yredelemnul.
 14286 | D:11     | Found a radiant altar of Vehumet.
 14286 | D:11     | Found a basalt altar of Yredelemnul.
 14341 | D:11     | Found a staircase to the Orcish Mines.
 14349 | D:11     | Noticed a two-headed ogre
 14712 | D:11     | Killed a two-headed ogre
 14984 | D:11     | Noticed a cyan ugly thing
 14995 | D:11     | Killed a cyan ugly thing
 15246 | D:11     | Noticed a centaur warrior
 15262 | D:11     | Killed a centaur warrior
 15263 | D:11     | Reached skill level 10 in Fighting
 15447 | D:11     | Found a roughly hewn altar of Beogh.
 15694 | D:11     | Reached skill level 9 in Dodging
 16425 | D:12     | Noticed a two-headed ogre
 16444 | D:11     | Killed an unseen horror
 16594 | D:11     | Killed a two-headed ogre
 16968 | D:12     | Reached skill level 10 in Dodging
 17297 | D:12     | Received a gift from Trog
 17361 | D:12     | Noticed a red ugly thing
 17370 | D:12     | Killed a red ugly thing
 17470 | D:12     | Noticed Kirke
 17484 | D:12     | Killed Kirke
 17485 | D:12     | Reached XP level 12. HP: 110/110 MP: 11/11
 17599 | D:12     | Noticed a centaur warrior
 17599 | D:12     | Noticed a catoblepas
 17819 | D:12     | Identified the ring of Guwof {rC+ rN+ Dex+6}
 18136 | D:12     | Killed a centaur warrior
 18582 | D:12     | Noticed Nergalle
 18589 | D:12     | Killed Nergalle
 18802 | D:12     | Reached skill level 11 in Dodging
 19758 | D:13     | Noticed Zeld's ghost (journeyman OpGl)
 19762 | D:13     | Found a runed translucent door.
 19808 | D:13     | Noticed a vault guard
 19860 | D:13     | Noticed a boulder beetle
 20214 | D:12     | Killed a catoblepas
 20460 | D:13     | Killed a boulder beetle
 20740 | D:13     | Noticed a boulder beetle
 20797 | D:13     | Killed a boulder beetle
 21024 | D:13     | Noticed a vault guard
 21255 | D:13     | Noticed a vault guard
 21322 | D:13     | Killed a vault guard
 21547 | D:13     | Killed a vault guard
 21548 | D:13     | Reached skill level 10 in Evocations
 22189 | D:13     | Noticed a vault guard
 22214 | D:13     | Killed a vault guard
 22215 | D:13     | Reached skill level 12 in Dodging
 22215 | D:13     | Reached XP level 13. HP: 122/122 MP: 12/12
 22465 | D:13     | Found a gate to the Vaults.
 22961 | D:13     | Killed Zeld's ghost
 23136 | D:14     | You fall into a shaft and drop 1 floor!
 23136 | D:15     | Entered Level 15 of the Dungeon
 23213 | D:15     | Found a staircase to the Depths.
 23578 | D:14     | Found a flagged portal.
 23578 | D:14     | Noticed a fire dragon
 23583 | Bailey   | Entered a bailey
 24093 | Bailey   | Noticed an orc warlord
 24129 | Bailey   | Killed an orc warlord
 24225 | Bailey   | Identified a scroll of acquirement
 24225 | Bailey   | Acquired a manual of Dodging
 24650 | D:14     | Reached skill level 13 in Dodging
 24762 | D:14     | Received a gift from Trog
 25215 | D:14     | Killed a fire dragon
 25313 | D:14     | Found a radiant altar of Vehumet.
 25852 | D:15     | Reached skill level 14 in Dodging
 25864 | D:15     | Reached XP level 14. HP: 129/133 MP: 13/13
 26269 | D:15     | Reached skill level 15 in Fighting
 26284 | D:15     | Cast into level 3 of the Abyss (a wizard)
 26302 | Abyss:3  | Noticed a bone dragon
 26303 | D:15     | Escaped the Abyss
 26822 | D:15     | Paralysed by an orc sorcerer for 3 turns
 28255 | D:11     | Reached skill level 15 in Dodging
 29076 | Lair:1   | Entered Level 1 of the Lair of Beasts
 30576 | Lair:1   | Reached skill level 16 in Dodging
 30576 | Lair:1   | Reached XP level 15. HP: 143/143 MP: 14/14
 32395 | Lair:2   | Found a hole to the Spider Nest.
 33170 | Lair:3   | Reached skill level 17 in Dodging
 34129 | Lair:4   | Found a frozen archway.
 34235 | IceCv    | Entered an ice cave
 35631 | IceCv    | Reached XP level 16. HP: 141/154 MP: 15/15
 36881 | Lair:4   | Reached skill level 18 in Dodging
 36904 | Lair:4   | Found a staircase to the Swamp.
 37384 | Lair:5   | Noticed Urug
 37675 | Lair:4   | Killed Urug
 38301 | Lair:5   | Noticed Snorg
 38317 | Lair:5   | Killed Snorg
 38724 | Lair:6   | Entered Level 6 of the Lair of Beasts
 38939 | Lair:6   | Found a sacrificial altar of Ru.
 39105 | Lair:6   | Found a staircase to the Slime Pits.
 40205 | Lair:6   | Found a large runed translucent door.
 40206 | Lair:6   | Found a large runed translucent door.
 40941 | Slime:1  | Entered Level 1 of the Pits of Slime
 40941 | Slime:1  | Noticed an acid blob
 40963 | Lair:6   | Killed an acid blob
 41400 | Swamp:1  | Entered Level 1 of the Swamp
 43868 | Swamp:2  | Reached skill level 19 in Dodging
 44129 | Swamp:2  | Reached XP level 17. HP: 112/166 MP: 16/16
 45647 | Swamp:3  | Found a transporter.
 45664 | Swamp:3  | Found a transporter.
 46510 | Swamp:3  | HP: 9/249 [goliath frog[a spriggan druid] (22)]
 46510 | Swamp:3  | HP: 3/249 [acid[a spriggan druid] (6)]
 46515 | Swamp:3  | Slain by a goliath frog

Illustrated notes

Levels and vault maps discovered:
D:1:      minmay_arrival_loop, layout_basic, minmay_misc_feat_chi
D:2:      layout_basic, gammafunk_temple_overflow_claw, supply_closet_lemuel,
          uniq_jessica
D:3:      layout_loops_ring, st_stairs_13, serial_bayou_lake_a, uniq_natasha,
          uniq_terence
D:4:      layout_basic, grunt_temple_overflow_order_and_chaos_1,
          roderic_roman_lattice, hangedman_decor_slide_cut
D:5:      kennysheep_six_static_rooms, layout_rooms,
          nicolae_overflow_hidden_temple, fedhas_bush_and_centaur_altar
D:6:      layout_basic, kennysheep_mini, minmay_temple_entry_ruins,
          serial_aquarium, aquarium_bridge_island_small
          [aquarium_subvault_small_open, aquarium_subvault_window,
          aquarium_subvault_window, aquarium_subvault_wall,
          aquarium_subvault_bridge], aquarium_window_1, aquarium_window_fake,
          aquarium_view_2e, kennysheep_cross_room,
          chequers_serial_rivers_small_a, kennysheep_diamond
D:7:      layout_basic, general_overflow_altar, basic_altar, hex_intersection
D:8:      layout_basic, erik_lair_island, uniq_maggie
D:9:      layout_small_grid, cheibriados_altar_1, serial_bayou,
          serial_bayou_shore_b, serial_bayou_crossing, serial_bayou_shore_a,
          serial_bayou_lagoon_b
D:10:     layout_stronghold, minmay_shop_mass
D:11:     layout_gridville, minmay_orc_entry_temple_small,
          hangedman_decor_riveting, minmay_statues_item,
          small_chamber_with_monster, doesnt_xom_only_xom
D:12:     minmay_the_grid_octo_2x2 [minmay_the_grid_octo_empty,
          minmay_the_grid_octo_thin_diamonds, minmay_the_grid_octo_teeth,
          minmay_the_grid_octo_prize_square_snowflake], layout_gridville,
          uniq_kirke, uniq_nergalle
D:13:     minmay_connected_triangles_in_corner, layout_long_grid,
          grunt_vaults_entry_fortified, hellmonk_ghost_happy_afterlife
D:14:     layout_stronghold, enter_bailey_3, basic_altar,
          amcnicky_mini_pool_medium
D:15:     gammafunk_depths_entry_grave, layout_basic, serial_shops,
          bzr_entry_water, minmay_fractal_squares_5
Temple:   dshaligram_water_room_temple
Lair:1:   layout_layer_cave
Lair:2:   layout_gridlike, spider_nest_entry_rubble, minmay_lair_oklob_chamber
Lair:3:   layout_regular_city, bobbens_dragon_lair_wall
Lair:4:   layout_regular_city, swamp_mist, portal_ice_cave_demonic_guard,
          grunt_megastairs_4, infiniplex_staircase_pool_2, lemuel_fruit_fields,
          lemuel_fruit_fields
Lair:5:   layout_regular_city, infiniplex_staircase_pool, uniq_snorg, uniq_urug
Lair:6:   cheibrodos_lair_end_hotspot, layout_loops_ring,
          minmay_slime_entry_pillars, lemuel_oklob_altar, serial_bayou_shore_b
Swamp:1:  layout_basic_swamp, nicolae_swamp_fairy_circle
Swamp:2:  layout_falls_marsh, hangedman_swamp_pad, nicolae_swamp_spriggan_camp
Swamp:3:  gammafunk_sealed_arena, layout_basic_swamp, serial_swamp_ruin,
          evilmike_swamp_ruin_rubble_2, evilmike_swamp_ruin_house_2
Slime:1:  layout_caves

Skill      XL: |  1  2  3  4  5  6  7  8  9 10 11 12 13 14 15 16 |
---------------+-------------------------------------------------+-----
Axes           | 4 5 6 8 9 11 13 14 | 14.0
Fighting       | 6 9 11 13 14 15 16 18 | 18.5
Evocations     | 4 6 8 10 11 12 13 14 | 14.6
Dodging        | 5 8 10 12 14 16 17 19 | 19.2
Armour         | |  2.4

Action                   |  1- 3 |  4- 6 |  7- 9 | 10-12 | 13-15 | 16-18 || total
-------------------------+-------+-------+-------+-------+-------+-------++-------
Melee: Hand axe          |    70 |   165 |   347 |   821 |  1100 |   991 ||  3494
       Headbutt          |     9 |    30 |    48 |   193 |   269 |   259 ||   808
Invok: Berserk           |     1 |     2 |     7 |    27 |    18 |    18 ||    73
       Brothers in Arms  |       |       |     2 |     6 |    12 |    12 ||    32
       Trog's Hand       |       |       |       |     1 |       |     1 ||     2
Evoke: Wand              |       |       |       |    11 |    15 |     8 ||    34
       Phantom mirror    |       |       |       |     1 |     2 |     3 ||     6
  Use: Scroll            |       |       |    17 |    10 |    30 |    13 ||    70
       Potion            |       |       |       |       |     7 |     3 ||    10
 Stab: Paralysed         |       |       |       |       |     6 |       ||     6
       Confused          |       |       |       |       |       |     1 ||     1
       Distracted        |       |       |       |       |       |     1 ||     1
Armor: Skin              |    11 |    12 |    36 |       |       |       ||    59
       Plate armour      |       |       |    49 |   299 |   527 |   456 ||  1331
Dodge: Dodged            |    56 |    97 |   131 |   142 |   250 |   285 ||   961
Block: Tower shield      |       |       |       |   258 |   711 |   940 ||  1909
